 Dungeon Crawl Stone Soup version 0.23.2-40-g277498a001 (webtiles) character file.

Game seed: 6596447447910296720

275 Martska the Skirmisher (level 6, -7/56 HPs)
             Began as a Hill Orc Fighter on Oct 2, 2019.
             Killed by divine providence
             ... invoked by an orc priest
              (15 damage)
             ... on level 4 of the Dungeon.
             The game lasted 00:09:57 (2773 turns).

Martska the Skirmisher (Hill Orc Fighter)           Turns: 2773, Time: 00:09:58

Health: -7/56      AC: 13    Str: 20    XL:     6   Next: 25%
Magic:  6/6        EV:  7    Int:  8    God:
Gold:   202        SH:  9    Dex: 11    Spells: 5/5 levels left

rFire    . . .     SeeInvis .   a - +0 war axe
rCold    . . .     Gourm    .   c - +0 shield
rNeg     . . .     Faith    .   b - +0 scale mail
rPois    .         Spirit   .   (no helmet)
rElec    .         Reflect  .   (no cloak)
rCorr    .         Harm     .   (no gloves)
MR       .....                  (no boots)
Stlth    ..........             (no amulet)
HPRegen  0.18/turn              e - +6 ring of protection
MPRegen  0.10/turn              (no ring)

@: lethally poisoned (-7 -> -9)
A: no striking features
a: Convert to Beogh


You were on level 4 of the Dungeon.
You were not hungry.

You visited 1 branch of the dungeon, and saw 4 of its levels.

You collected 202 gold pieces.

Inventory:

Hand Weapons
 a - a +0 war axe (weapon)
Armour
 b - a +0 scale mail (worn)
 c - a +0 shield (worn)
 p - a +0 pair of gloves
Jewellery
 e - a +6 ring of protection (left hand)
 q - a +1 ring of evasion {unknown}
 r - a +3 ring of evasion {unknown}
Wands
 w - a wand of acid (9)
Scrolls
 h - a scroll of immolation {unknown}
 j - 2 scrolls of enchant weapon {unknown}
 k - 2 scrolls of magic mapping {unknown}
 n - 2 scrolls of remove curse {unknown}
 s - a scroll of fog {unknown}
 u - 2 scrolls of amnesia {unknown}
Potions
 d - a potion of might
 g - 2 potions of curing {unknown}
 i - a potion of agility {unknown}
 l - 2 potions of magic {unknown}
 m - 2 potions of degeneration {unknown}
 o - a potion of lignification {unknown}
 t - 2 potions of brilliance {unknown}
 v - a potion of invisibility {unknown}
 z - a potion of mutation {unknown}
Comestibles
 f - 6 rations


   Skills:
 * Level 5.5 Fighting
 * Level 5.3 Axes
 + Level 4.2 Armour
 + Level 4.1 Shields


You had 5 spell levels left.
You didn't know any spells.
Your spell library was empty.

Dungeon Overview and Level Annotations

Branches:
Dungeon (4/15)
 Temple: D:4-7

Altars:
Elyvilon
Ru
Xom
Zin


Message History

The orc priest is moderately wounded.
You feel sick.
The orc priest hits you but does no damage.
Your shield and scale mail prevent you from hitting the orc priest.
The orc priest is moderately wounded.
You feel sick. You block the orc priest's attack.
Your shield and scale mail prevent you from hitting the orc priest.
The orc priest is moderately wounded.
The orc priest hits you. You block the orc priest's attack.
You hit the orc priest.
The orc priest is moderately wounded.
You feel sick.
The orc priest shouts, "Join the one true god or die!"
The orc priest mumbles some strange prayers to Beogh against you.
Beogh smites you!
* * * LOW HITPOINT WARNING * * *
It was a potion of cancellation.
You feel magically purged.
The orc priest invokes the aid of Beogh against you.
Beogh smites you!
You die...

.......#
......# ###
.....# ...#
....###...#
.........#
#........#
#)o......#
#@††.....#
####
#.)......#
#..
#.####..(#
####.####.#
..#
+.........#
# .
####.######
.. #.#
...####'####
...........#


You could see an orc priest.

Vanquished Creatures
  3 orc wizards
  An iguana (D:4)
  A worker ant (D:4)
  6 adders
  An adder skeleton (D:4)
  3 worms
  A dart slug (D:1)
  2 leopard geckos
  5 orcs
  2 ball pythons
  3 giant cockroaches
  5 hobgoblins
  10 kobolds
  A quokka (D:4)
  10 bats
  3 frilled lizards
  12 goblins
  2 quokka skeletons (D:4)
  4 rats
75 creatures vanquished.

Notes
Turn   | Place    | Note
-------+----------+-------------------------------------------
     0 | D:1      | Martska the Hill Orc Fighter began the quest for the Orb.
     0 | D:1      | Reached XP level 1. HP: 19/19 MP: 1/1
    85 | D:1      | Reached XP level 2. HP: 27/27 MP: 2/2
   289 | D:1      | Reached XP level 3. HP: 33/33 MP: 3/3
   548 | D:2      | Found a shimmering altar of Xom.
   854 | D:2      | Found a glowing silver altar of Zin.
  1446 | D:3      | Reached XP level 4. HP: 41/41 MP: 4/4
  1571 | D:3      | Reached XP level 5. HP: 39/47 MP: 5/5
  1643 | D:3      | Found a white marble altar of Elyvilon.
  2551 | D:4      | Found a sacrificial altar of Ru.
  2566 | D:4      | Reached skill level 5 in Fighting
  2606 | D:4      | Reached skill level 5 in Axes
  2707 | D:4      | Reached XP level 6. HP: 26/56 MP: 6/6
  2773 | D:4      | Killed from afar by an orc priest

Skill      XL: |  1  2  3  4  5 |
---------------+----------------+-----
Axes           | 3 4 5 |  5.3
Fighting       | 4 5 |  5.5
Armour         | 4 |  4.2
Shields        | 4 |  4.1

Action                   |  1- 3 |  4- 6 || total
-------------------------+-------+-------++-------
Melee: War axe           |   118 |   149 ||   267
  Use: Potion            |       |     1 ||     1
 Stab: Paralysed         |       |     1 ||     1
  Eat: Ration            |     1 |     1 ||     2
Armor: Scale mail        |    81 |    85 ||   166
Dodge: Dodged            |    48 |    50 ||    98
Block: Shield            |    98 |    79 ||   177
